 Dungeon Crawl Stone Soup version 0.31.0-4-g52a2dc7128 (webtiles) character file.

Game seed: 16998238650037264816

1485196 Sobieck the Conqueror (level 26, 193/193 HPs)
             Began as a Gargoyle Earth Elementalist on Jan 21, 2024.
             Was the Champion of Vehumet.
             Escaped with the Orb
             ... and 3 runes!
             The game lasted 05:25:54 (85883 turns).

Sobieck the Conqueror (GrEE)                       Turns: 85883, Time: 05:25:55

Health: 193/193    AC: 29    Str: 16    XL:     26   Next: 94%
Magic:  52/52      EV: 16    Int: 31    God:    Vehumet [******]
Gold:   4601       SH:  0    Dex: 14    Spells: 10/58 levels left

rFire   + . .        A - staff of earth
rCold   + . .        S - orb {*channel}
rNeg    + + .        V - +2 robe {rC+ rF+}
rPois   ∞            w - -2 hat of the Alchemist {rElec rPois rF+ rC+ rN+ Will+ rMut rCorr}
rElec   +            p - +2 cloak {rPois}
rCorr   +            x - +0 pair of gloves "Boess" {Str+3 Int+3 Dex+4}
SInv    +            J - +2 pair of boots
Will    ++++.        m - amulet "Folijo" {Will+ Regen+ Slay+2}
Stlth   +            k - ring "Kyipeoq" {rF- Will+ MP+9 Int+3 Stlth+}
HPRegen 1.32/turn    s - ring of see invisible
MPRegen 0.33/turn

%: resist mutation, channel magic (20%)
@: flying, studying Evocations
A: sickness immunity, AC +20, big wings, negative energy resistance 1,
electricity resistance, torment resistance 1, petrification resistance, weak 1,
cold vulnerability 1
0: Orb of Zot
}: 3/15 runes: barnacled, slimy, gossamer
a: Renounce Religion


You escaped.
You worshipped Vehumet.
Vehumet was exalted by your worship.
You visited 11 branches of the dungeon, and saw 52 of its levels.
You also visited: Trove, Ossuary and Wizlab.

You collected 8100 gold pieces.
You spent 3499 gold pieces at shops.

Inventory:

Armour
 p - a +2 cloak of poison resistance (worn)
 w - the -2 hat of the Alchemist (worn) {rElec rPois rF+ rC+ rN+ Will+ rMut rCorr}
   (You found it in a wizard's laboratory)

   rF+:       It protects you from fire.
   rC+:       It protects you from cold.
   rElec:     It insulates you from electricity.
   rPois:     It protects you from poison rN+: It protects you from negative
   energy.
   Will+:     It increases your willpower.
   rCorr:     It protects you from acid and corrosion.
   rMut:      It protects you from mutation.
 x - the +0 pair of gloves "Boess" (worn) {Str+3 Int+3 Dex+4}
   (You found it on level 4 of the Spider Nest)

   Str+3:     It affects your strength (+3).
   Int+3:     It affects your intelligence (+3).
   Dex+4:     It affects your dexterity (+4).
 J - a +2 pair of boots (worn)
 S - an orb of energy (worn)
 V - a +2 robe of resistance (worn)
Magical Staves
 A - a staff of earth (weapon)
 B - the staff "Towec" {rF+ Dex+3 Necro Fire}
   (You found it on level 5 of the Pits of Slime)

   [staff of fire]

   Base accuracy: +5 Base damage: 5 Base attack delay: 1.2 This weapon's minimum
   attack delay (0.6) is reached at skill level 12.
   Dex+3:     It affects your dexterity (+3).
   rF+:       It protects you from fire.
   Necro:     It increases the power of your Necromancy spells.
   Fire:      It increases the power of your Fire spells.
   It falls into the 'Staves' category.
   It is a one-handed weapon.
 C - a staff of conjuration
Jewellery
 f - a ring of protection from fire
 g - the ring "Qurch" {rC+ AC+4 Int+4}
   (You found it on level 5 of the Pits of Slime)

   [ring of protection]

   AC+4:      It affects your AC (+4).
   Int+4:     It affects your intelligence (+4).
   rC+:       It protects you from cold.
 k - the ring "Kyipeoq" (left hand) {rF- Will+ MP+9 Int+3 Stlth+}
   (You took it off a deep elf demonologist on level 3 of the Elven Halls)

   [ring of willpower]

   Int+3:     It affects your intelligence (+3).
   rF-:       It makes you vulnerable to fire.
   Will+:     It increases your willpower.
   MP+9:      It affects your magic capacity (+9).
   Stlth+:    It makes you more stealthy.
 m - the amulet "Folijo" (around neck) {Will+ Regen+ Slay+2}
   (You found it on level 2 of the Vaults)

   [amulet of regeneration]

   Slay+2:    It affects your accuracy & damage with ranged weapons and melee
   (+2).
   Will+:     It increases your willpower.
   Regen+:    It increases your rate of health regeneration.
 n - a ring of positive energy
 s - a ring of see invisible (right hand)
 O - the ring of Foolhardiness {rC+ Str+3}
   (You found it on level 5 of the Pits of Slime)

   [ring of protection from cold]

   Str+3:     It affects your strength (+3).
   rC+:       It protects you from cold.
 W - a ring of magical power
Wands
 a - a wand of acid (38)
 D - a wand of digging (10)
 E - a wand of charming (49)
 I - a wand of iceblast (57)
 P - a wand of mindburst (29)
Scrolls
 b - 8 scrolls of blinking
 e - 10 scrolls of vulnerability
 l - 4 scrolls of revelation
 o - 3 scrolls of summoning
 t - 4 scrolls of amnesia
 u - 16 scrolls of poison
 y - 8 scrolls of immolation
 F - 3 scrolls of enchant armour
 G - 10 scrolls of fear
 R - 41 scrolls of identify
 T - 21 scrolls of teleportation
 Y - a scroll of silence {!r}
 Z - 7 scrolls of fog
Potions
 c - 4 potions of berserk rage
 d - 3 potions of cancellation
 h - 2 potions of invisibility
 i - 6 potions of ambrosia
 j - 15 potions of mutation
 q - 3 potions of heal wounds
 r - 3 potions of resistance
 z - 7 potions of attraction
 H - 4 potions of haste
 L - 9 potions of enlightenment
 M - 7 potions of lignification
 N - a potion of brilliance
 Q - 27 potions of curing
Miscellaneous
 v - a lightning rod (4/4)
 K - a phantom mirror
 U - a phial of floods
 X - a box of beasts


   Skills:
 O Level 27 Fighting
 - Level 10.0 Dodging
 - Level 2.1 Stealth
 + Level 16.9 Spellcasting
 - Level 17.0 Conjurations
 - Level 4.0 Translocations
 - Level 19.0 Fire Magic
 - Level 8.0 Air Magic
 - Level 26.0 Earth Magic
 - Level 6.0 Alchemy
 - Level 6.0 Evocations


You had 10 spell levels left.
You knew the following spells:

 Your Spells              Type           Power      Damage    Failure   Level
c - Passwall              Erth           100%       N/A       1%          3
e - Iskenderun's Mystic   Conj/Tloc      74%        2d15      1%          4
f - Sticky Flame          Fire/Alch      81%        2d13      1%          4
A - Shatter               Erth           68%        3d50*     3%          9
B - Lehudib's Crystal Sp  Conj/Erth      63%        10d14     1%          8
E - Ignition              Fire           48%        3d14      3%          8
I - Orb of Destruction    Conj           46%        9d12      1%          7
J - Irradiate             Conj/Alch      39%        3d24      1%          5

Your spell library contained the following spells:

 Spells                   Type           Power      Damage    Failure   Level
 Foxfire                  Conj/Fire      100%       2x1d9     1%          1
 Magic Dart               Conj           100%       1d8       1%          1
 Sandblast                Erth           100%       2d20      1%          1
 Sting                    Conj/Alch      100%       1d9       1%          1
 Mercury Vapours          Alch/Air       100%       N/A       1%          2
 Momentum Strike          Conj/Tloc      100%       3d10      1%          2
 Dazzling Flash           Conj/Hex       100%       N/A       1%          3
 Inner Flame              Hex/Fire       71%        N/A       1%          3
 Mephitic Cloud           Conj/Alch/Air  74%        N/A       1%          3
 Stone Arrow              Conj/Erth      100%       3d13      1%          3
 Volatile Blastmotes      Fire/Tloc      100%       2d18      1%          3
 Animate Armour           Summ/Erth      100%       N/A       1%          4
 Brom's Barrelling Bould  Conj/Erth      100%       2d11      1%          4
 Flame Wave               Conj/Fire      95%        2d20      1%          4
 Fulminant Prism          Conj/Alch      39%        3d17      1%          4
 Ignite Poison            Fire/Alch      81%        N/A       1%          4
 Leda's Liquefaction      Alch/Erth      56%        N/A       1%          4
 Olgreb's Toxic Radiance  Alch           59%        N/A       1%          4
 Petrify                  Alch/Erth      100%       N/A       1%          4
 Arcjolt                  Conj/Air       40%        1d50      1%          5
 Fireball                 Conj/Fire      47%        3d19      1%          5
 Freezing Cloud           Conj/Ice/Air   33%        6-21      1%          5
 Iskenderun's Battlesphe  Conj           93%        2d14      1%          5
 Lee's Rapid Deconstruct  Erth           68%        3d31*     1%          5
 Bombard                  Conj/Erth      63%        9d10      1%          6
 Conjure Ball Lightning   Conj/Air       40%        3x3d13    1%          6
 Plasma Beam              Fire/Air       41%        2x1d55    1%          6
 Starburst                Conj/Fire      47%        6d13      1%          6
 Apportation              Tloc           100%       N/A       2%          1
 Swiftness                Air            66%        N/A       2%          3
 Summon Blazeheart Golem  Fire/Summ      71%        N/A       2%          4
 Borgnjor's Vile Clutch   Necr/Erth      51%        N/A       2%          5
 Blink                    Tloc           100%       N/A       3%          2
 Lesser Beckoning         Tloc           100%       N/A       3%          2
 Frozen Ramparts          Ice            52%        1d8       4%          3
 Gell's Gravitas          Tloc           50%        N/A       4%          3
 Teleport Other           Tloc           50%        N/A       4%          3
 Vhi's Electric Charge    Tloc/Air       100%       N/A       6%          4
 Necrotise                Necr           100%       1d9       7%          1
 Slow                     Hex            100%       N/A       7%          1
 Summon Small Mammal      Summ           100%       N/A       7%          1
 Yara's Violent Unravell  Hex/Alch       22%        3d10      9%          5
 Call Imp                 Summ           52%        N/A       10%         2
 Ensorcelled Hibernation  Hex/Ice        52%        N/A       10%         2
 Jinxbite                 Hex            52%        N/A       10%         2
 Fugue of the Fallen      Necr           26%        N/A       14%         3
 Ozocubu's Armour         Ice            26%        N/A       14%         3
 Tukima's Dance           Hex            26%        N/A       14%         3
 Vampiric Draining        Necr           26%        2d7       14%         3
 Dimensional Bullseye     Hex/Tloc       19%        N/A       19%         4
 Spellforged Servitor     Conj/Summ      34%        N/A       21%         7
 Silence                  Hex/Air        25%        N/A       22%         5
 Anguish                  Hex/Necr       13%        N/A       34%         4
 Animate Dead             Necr           26%        N/A       34%         4
 Cause Fear               Hex            13%        N/A       34%         4
 Dispel Undead            Necr           26%        3d13      34%         4
 Martyr's Knell           Necr/Summ      26%        N/A       34%         4
 Fire Storm               Conj/Fire      47%        8d12      41%         9
 Curse of Agony           Necr           26%        N/A       63%         5
 Metabolic Englaciation   Hex/Ice        13%        N/A       63%         5
 Dispersal                Tloc           25%        N/A       65%         6
 Sculpt Simulacrum        Ice/Alch       22%        N/A       78%         6
 Maxwell's Capacitive Co  Air            33%        ∞         78%         8
 Chain Lightning          Conj/Air       40%        3d54      96%         9
 Death Channel            Necr           13%        N/A       98%         6
 Ozocubu's Refrigeration  Ice            13%        4d10      98%         7
 Enfeeble                 Hex            13%        N/A       100%        7
 Haunt                    Necr/Summ      13%        N/A       100%        7
 Summon Hydra             Summ           13%        N/A       100%        7
 Discord                  Hex            13%        N/A       100%        8
 Infestation              Necr           13%        N/A       100%        8
 Dragon's Call            Summ           13%        N/A       100%        9
 Polar Vortex             Ice            13%        12d1*     100%        9
 Cigotuvi's Dreadful Rot  Necr/Alch/Air  Unusable   N/A       N/A         2
 Sublimation of Blood     Necr           Unusable   N/A       N/A         2

Dungeon Overview and Level Annotations

Branches:
Dungeon (15/15)            Temple (1/1) D:4            Lair (5/5) D:10
 Shoals (4/4) Lair:2       Spider (4/4) Lair:2        Slime (5/5) Lair:4
    Orc (2/2) D:11            Elf (3/3) Orc:2        Vaults (4/5) D:13
  Crypt (0/3) Vaults:3     Depths (4/4) D:15            Zot (5/5) Depths:4
Ossuary (visited)          WizLab (visited)

Altars:
Ashenzari
Cheibriados
Dithmenos
Elyvilon
Fedhas
Gozag
Hepliaklqana
Kikubaaqudgha
Makhleb
Nemelex Xobeh
Okawaru
Qazlal
Ru
Sif Muna
Trog
Uskayaw
Vehumet
Wu Jian
Xom
Yredelemnul
Zin
The Shining One
Jiyva

Shops:
D:3 ?   D:13 (   Orc:1 *   Orc:2 !*[?   Elf:1 [   Elf:2 **   Elf:3 [
Vaults:1 =(   Vaults:2 *   Depths:1 ((?

Portals:
Hell: Lair:5 Depths:1 Depths:2 Depths:3 Depths:4
Abyss: Depths:2 Depths:3
Pandemonium: Depths:2
Ziggurat: Depths:1

Annotations:
Elf:2 3 runed translucent doors
Vaults:5 ! DONT GOT
Zot:4 2 transporters, Heisao's ghost, legendary TrBe; Juzit's ghost, legendary GnFi; stpyramids's ghost, legendary DDFi


Innate Abilities, Weirdness & Mutations

You are immune to sickness and miasma.
Your stone body is resilient. (AC +20)
You are immune to poison.
Your large and strong wings let you fly.
You resist negative energy. (rN+)
You are resistant to electric shocks. (rElec)
You are resistant to unholy torment.
You are immune to petrification.
You are weak. (Str -2)
You are vulnerable to cold. (rC-)


Message History

Confirm with . or Enter, or press ? or * to list all spells.
You feel a surge of power!
The dungeon rumbles!
You kill the tormentor!
Vehumet accepts your kill.
You feel your power returning.
Ka-crash!
Magical energy flows into your mind!
Unknown command.
Okay, then.
Unknown command.
Unknown command. 4 hell hogs come into view.
Danger!
Casting: Shatter (dangerous; 3% risk of failure)
Confirm with . or Enter, or press ? or * to list all spells.
You feel a surge of power!
The dungeon rumbles!
The hell hog is severely wounded.
You kill the hell hog!
Vehumet accepts your kill.
You feel your power returning.
You kill the hell hog!
Vehumet accepts your kill.
You kill the hell hog!
Vehumet accepts your kill.
You feel your power returning.
Ka-crash!
Magical energy flows into your mind!
Unknown command.
Casting: Shatter (dangerous; 3% risk of failure)
Confirm with . or Enter, or press ? or * to list all spells.
You feel a surge of power!
The dungeon rumbles!
You kill the hell hog!
Vehumet accepts your kill.
You feel your power returning.
Ka-crash!
Unknown command.
Magic restored.
You see here a +0 hand axe.
You see here a +0 dagger.
There is an open gate here.
There is an open door here.
There is an open door here.
Things that are here:
2 stones; a +0 short sword
There is a staircase leading out of the dungeon here.
Unknown command.
You have escaped!

#.##### #.........# # #.#
#.........# # #.#
##.......## # #.# ###
####'#### ### # #.# ##..#
##8.8## #○☼## # #.# #.~..#
###(### #°○§§# # #.#
#.~~.###.....###§○☼§# # #.#
#≈.~.#≈#.....#≈#°°○≈# # #.#
#≈≈≈~#.'..@..'.#§°°.# # #.#
#≈.≈.#≈#.....#§#°≈°§# # #.#
#.≈~.###.....###.≈☼.# #
#.#####.~..# ###'### #.°§○#
# #.....##..# #...##
#°.######## ######.#####
#############.......
#..##.##.......##.# ########
#.†...#...☼#☼...#.###.##
#.#####...○○§.#.#.##.#.#####


There were no monsters in sight!

Vanquished Creatures
  the Royal Jelly (Slime:5)
  3 ancient liches (Zot:5)
  5 orbs of fire
  Mennas (Depths:4)
  Josephina (Depths:4)
  Parghit (Depths:4)
  Vv (Depths:4)
  9 Killer Klowns
  4 caustic shrikes (Depths:4)
  6 golden dragons
  A mutant beast (WizLab)
  7 electric golems
  An iron giant (Depths:3)
  Rupert (Spider:1)
  Jorgrun (Shoals:2)
  3 walking crystal tomes
  14 tentacled monstrosities
  2 walking earthen tomes
  2 liches
  8 quicksilver dragons
  A titan (Depths:2)
  25 Orb Guardians (Zot:5)
  2 deep elf master archers (Elf:3)
  Asterion (Spider:1)
  A deep elf blademaster (Elf:3)
  23 acid blobs
  2 sphinxes (Vaults:4)
  4 krakens
  6 death cobs
  5 tengu reavers
  3 shadow dragons
  The ghost of Rod Caur the Severer, an adept HOFi of Beogh (Spider:1)
  Donald (Shoals:1)
  9 storm dragons
  Kirke (Lair:3)
  2 draconian knights
  Ilsuiw (Shoals:3)
  6 protean progenitors
  8 fire giants
  A rockslime (Slime:5)
  Aizul (Shoals:1)
  8 azure jellies
  5 frost giants
  2 draconian shifters
  3 draconian monks
  14 emperor scorpions
  10 deep elf sorcerers (Elf:3)
  An iron dragon (Depths:3)
  Louise (Shoals:1)
  15 vault wardens
  A draconian scorcher (Zot:4)
  4 deep elf elementalists (Elf:3)
  A balrug (Depths:4)
  3 spriggan defenders
  2 orc warlords
  An angel (Shoals:4)
  14 very ugly things
  7 ghost moths
  6 draconian annihilators
  3 draconian stormcallers
  10 quicksilver oozes
  9 formless jellyfish
  A demonspawn blood saint (Depths:4)
  7 ironbound preservers
  3 vampire knights
  2 ironbound thunderhulks
  8 deep elf demonologists
  6 green draconians
  18 stone giants
  15 deep elf death magi
  4 black draconians
  8 purple draconians
  5 yellow draconians
  5 red draconians
  10 deep elf annihilators (Elf:3)
  6 war gargoyles (Vaults:3)
  2 white draconians
  6 merfolk javelineers
  7 spark wasps
  6 dire elephants
  6 ettins
  3 jiangshi (Depths:2)
  A green death (Depths:3)
  17 merfolk impalers
  2 deep elf high priests (Elf:3)
  An entropy weaver (shapeshifter) (WizLab)
  6 entropy weavers
  Fannar (D:11)
  3 yaktaur captains
  8 fire dragons
  4 great orbs of eyes
  5 hydras
  6 vault guards
  4 ice dragons
  A hell beast (Depths:3)
  Erolcha (Orc:2)
  2 ogre magi
  8 rakshasas
  A peacekeeper (Vaults:3)
  6 ironbound frosthearts
  The ghost of Bauqient the Spear-Bearer, a journeyman MfSu of Sif Muna (Lair:1)
  2 caustic shrike simulacra (Depths:4)
  14 centaur warriors
  2 jorogumos
  6 merfolk aquamancers
  A spriggan air mage (Depths:3)
  15 two-headed ogres
  6 radroaches
  A bunyip (shapeshifter) (WizLab)
  6 alligator snapping turtles
  4 merfolk avatars
  7 boulder beetles
  2 catoblepae
  4 satyrs
  11 tengu warriors
  5 death yaks
  12 deep troll shamans
  A death scarab (Spider:3)
  4 deep troll earth magi
  Urug (Lair:2)
  8 demonic crawlers
  5 hell hogs
  12 dancing weapons
  2 spriggan berserkers
  4 vampire magi
  3 occultists
  A titan zombie (Depths:2)
  13 deep elf knights
  5 sun demons
  A shock serpent (shapeshifter) (Depths:2)
  5 soul eaters (Depths:3)
  12 skysharks
  8 hell knights (Depths:3)
  8 iron trolls
  Nergalle (Lair:2)
  2 sixfirhies
  A shadow wraith (Shoals:1)
  5 pharaoh ants
  13 sea snakes
  A sea snake (shapeshifter) (WizLab)
  A glowing orange brain (shapeshifter) (WizLab)
  10 skeletal warriors
  A spark wasp zombie (D:15)
  4 cherubim
  10 orb spiders
  4 flayed ghosts
  A sun moth (shapeshifter) (WizLab)
  4 mana vipers (shapeshifter) (WizLab)
  28 deep trolls
  A sun moth (Spider:1)
  5 arcanists
  14 deep elf archers
  4 necromancers
  4 phantasmal warriors
  6 glowing orange brains
  9 ironbound convokers
  5 orc knights
  8 lindwurms
  21 harpies
  23 deep elf zephyrmancers
  2 steelbarb worms (shapeshifter) (WizLab)
  6 steelbarb worms
  5 oklob plants
  28 deep elf pyromancers
  A shining eye (shapeshifter) (Depths:2)
  8 shining eyes
  2 fauns (shapeshifter) (WizLab)
  15 fauns
  A tengu skeleton (Depths:2)
  21 manticores
  24 wolf spiders
  61 ugly things
  11 cyclopes
  11 large abominations
  7 merfolk sirens
  7 meliai
  32 moths of wrath
  5 kobold blastminers
  A black mamba (shapeshifter) (WizLab)
  A fire giant skeleton (Depths:2)
  An elephant (shapeshifter) (Vaults:2)
  A smoke demon (Depths:2)
  2 black mambas
  11 elephants
  A guardian serpent (shapeshifter) (D:12)
  21 vault sentinels
  A titan simulacrum (Depths:4)
  2 eyes of devastation
  2 ice statues (Elf:1)
  3 torpor snails (Spider:1)
  3 water nymphs
  A water nymph (shapeshifter) (WizLab)
  A gargoyle (D:13)
  12 cane toads
  4 unseen horrors
  Maggie (Lair:1)
  2 komodo dragons (shapeshifter) (WizLab)
  An efreet (D:15)
  22 yaktaurs
  A yaktaur (shapeshifter) (WizLab)
  An orange demon (Lair:5)
  5 rime drakes
  A tormentor (D:1)
  3 kobold demonologists
  3 red devils
  7 komodo dragons
  3 ice devils
  5 tengu conjurers
  A golden dragon simulacrum (Depths:4)
  28 merfolk
  3 merfolk (shapeshifter) (WizLab)
  A troll (shapeshifter) (Elf:2)
  4 polar bears
  A hellwing (Lair:5)
  A snapping turtle (shapeshifter) (WizLab)
  25 tarantellas
  A hornet (D:8)
  3 trolls
  5 wind drakes
  A polar bear (shapeshifter) (Elf:3)
  10 snapping turtles
  An iron dragon simulacrum (Depths:4)
  22 dream sheep
  5 blink frogs (Lair:3)
  6 glass eyes
  71 slime creatures
  30 culicivoras
  3 shadows
  A spriggan skeleton (D:15)
  26 jumping spiders
  55 yaks
  3 air elementals
  A spriggan (shapeshifter) (D:14)
  19 water elementals
  4 wyverns
  4 basilisks
  2 wraiths
  4 humans (WizLab)
  8 golden eyes
  2 elves (WizLab)
  Grum (D:11)
  3 steam dragons
  A warg (Orc:1)
  2 hogs (Lair:3)
  64 redbacks
  9 vampire mosquitoes
  The ghost of gelatine the Magician, an amateur DsHW (D:3)
  6 chaos spawn
  An iron golem (WizLab)
  3 swamp worms (shapeshifter)
  3 acid dragons
  14 water moccasins
  5 hell hounds (Lair:5)
  41 orc warriors
  2 laughing skulls (D:12)
  2 black bears
  9 ogres
  13 wolves
  12 centaurs
  12 small abominations
  Blork the orc (D:4)
  4 phantoms
  10 kobold brigands
  9 bullfrogs
  2 gnoll sergeants
  15 scorpions
  2 earth elementals
  9 wights
  7 killer bees
  3 electric eels
  9 howler monkeys
  A jelly (D:6)
  7 hounds
  13 orc priests
  3 bombardier beetles (D:5)
  A gnoll bouda (D:9)
  3 spectral scorpions (Ossuary)
  2 centaur skeletons (Ossuary)
  Ijyb (D:3)
  Natasha (thrice) (D:3)
  4 iguanas
  31 orc wizards
  2 hell rats
  A crocodile zombie (Ossuary)
  8 mummies (Ossuary)
  29 gnolls
  4 adders
  9 river rats (D:7)
  A shadow imp (D:7)
  2 white imps
  2 ufetubi (D:5)
  4 ribbon worms
  2 dart slugs
  61 orcs
  8 ball pythons
  7 endoplasms
  A giant cockroach (D:5)
  13 goblins
  2 hobgoblins
  18 jackals
  7 quokkas
  11 bats
  3 frilled lizards (D:3)
  4 gnoll skeletons (Ossuary)
  32 kobolds
  A kobold skeleton (Ossuary)
  A kobold zombie (D:4)
  An orc skeleton (Ossuary)
  23 rats
  A rat zombie (D:4)
  10 spectral rats (Ossuary)
  12 aspiring fleshes
  2 butterflies (D:5)
  9 tentacles
2235 creatures vanquished.

Vanquished Creatures (collateral kills)
  A centaur warrior (D:10)
  A boulder beetle (D:11)
  A boulder (D:8)
3 creatures vanquished.

Vanquished Creatures (others)
  A harpy (Shoals:4)
  6 boulders
  17 tentacles
24 creatures vanquished.

Grand Total: 2262 creatures vanquished

Notes
Turn   | Place    | Note
-------+----------+-------------------------------------------
     0 | D:1      | Sobieck the Gargoyle Earth Elementalist began the quest for
                  | the Orb.
     0 | D:1      | Reached XP level 1. HP: 10/10 MP: 3/3
   277 | D:1      | Reached XP level 2. HP: 6/15 MP: 0/5
   617 | D:1      | Found a faded altar of an unknown god.
   617 | D:1      | Noticed an Ice Fiend
  1051 | D:2      | Reached XP level 3. HP: 19/19 MP: 2/6
  1396 | D:2      | Reached XP level 4. HP: 21/24 MP: 4/8
  1463 | D:2      | Learned a level 3 spell: Stone Arrow
  1695 | D:3      | Reached skill level 3 in Spellcasting
  1936 | D:3      | Reached skill level 3 in Conjurations
  1936 | D:3      | Reached XP level 5. HP: 28/28 MP: 4/9
  2016 | D:3      | Found a sacrificial altar of Ru.
  2363 | D:3      | Noticed Ijyb
  2457 | D:3      | Killed Ijyb
  2867 | D:3      | Found a runed translucent gate.
  2867 | D:3      | Found a runed translucent gate.
  2867 | D:3      | Found a runed translucent gate.
  2869 | D:3      | Noticed a kobold brigand
  2869 | D:3      | Noticed gelatine's ghost (amateur DsHW)
  2951 | D:3      | Found Ziapueva's Magic Scroll Boutique.
  2955 | D:3      | Bought a scroll of identify for 28 gold pieces
  2955 | D:3      | Bought a scroll of teleportation for 42 gold pieces
  3389 | D:4      | Found a staircase to the Ecumenical Temple.
  3401 | D:4      | Noticed a phantom
  3421 | D:4      | Noticed Natasha
  3438 | D:3      | Killed Natasha
  3439 | D:3      | Reached XP level 6. HP: 3/32 MP: 7/11
  3503 | D:3      | Noticed Natasha
  3510 | D:3      | Killed Natasha
  3693 | D:4      | Found a sand-covered staircase.
  3700 | Ossuary  | Entered an ossuary
  3785 | Ossuary  | Reached skill level 6 in Earth Magic
  3875 | Ossuary  | Reached XP level 7. HP: 29/36 MP: 2/13
  4500 | D:5      | Entered Level 5 of the Dungeon
  4576 | D:4      | Learned a level 3 spell: Passwall
  4715 | D:4      | Noticed Blork the orc
  4726 | D:4      | Killed Blork the orc
  5469 | D:5      | Found a sparkling altar of Nemelex Xobeh.
  5492 | Temple   | Entered the Ecumenical Temple
  5500 | Temple   | Became a worshipper of Vehumet
  5547 | D:5      | Reached skill level 6 in Spellcasting
  5547 | D:5      | Reached XP level 8. HP: 41/41 MP: 13/17
  5645 | D:5      | Reached skill level 1 in Fighting
  5860 | D:5      | Reached skill level 2 in Fighting
  6309 | D:5      | Reached * piety under Vehumet
  6309 | D:5      | Offered knowledge of Magic Dart by Vehumet.
  6323 | D:5      | Found a runed translucent door.
  6325 | D:5      | Found a runed translucent door.
  6807 | D:6      | Reached skill level 3 in Fighting
  6888 | D:6      | Found a stormy altar of Qazlal.
  6888 | D:6      | Found a blossoming altar of Fedhas.
  6925 | D:6      | Noticed a +0 spear
  6925 | D:6      | Noticed a +0 short sword
  6926 | D:6      | Noticed a +0 spear
  6926 | D:6      | Noticed a +0 falchion
  6927 | D:6      | Noticed a +0 dagger
  6931 | D:6      | Noticed a +0 short sword
  6937 | D:6      | Noticed a +0 falchion
  6937 | D:6      | Noticed a +0 dagger
  6942 | D:6      | Found a hide-covered altar of Uskayaw.
  7053 | D:5      | Reached XP level 9. HP: 51/51 MP: 17/19
  7229 | D:6      | Reached skill level 4 in Fighting
  7269 | D:6      | Reached skill level 6 in Conjurations
  7552 | D:3      | Bought a scroll of identify for 28 gold pieces
  7552 | D:3      | Bought a scroll of identify for 28 gold pieces
  7552 | D:3      | Bought a scroll of identify for 28 gold pieces
  8155 | D:7      | Found a snail-covered altar of Cheibriados.
  8200 | D:7      | Found a broken altar of Ashenzari.
  8202 | D:7      | Found a bloodstained altar of Trog.
  8292 | D:7      | Noticed a komodo dragon
  8298 | D:7      | Killed a komodo dragon
  8402 | D:7      | Reached ** piety under Vehumet
  8402 | D:7      | Offered knowledge of Kiss of Death by Vehumet.
  8430 | D:7      | Reached skill level 9 in Earth Magic
  8517 | D:7      | Reached skill level 5 in Fighting
  8621 | D:7      | Offered knowledge of Mephitic Cloud by Vehumet.
  8927 | D:7      | Got the Writings on Amathomancy and Wicked Words
  9205 | D:8      | Reached XP level 10. HP: 59/59 MP: 21/21
  9262 | D:8      | Reached *** piety under Vehumet
  9269 | D:8      | Learned a level 4 spell: Brom's Barrelling Boulder
  9274 | D:8      | Learned a level 4 spell: Iskenderun's Mystic Blast
  9641 | D:8      | Reached skill level 1 in Translocations
  9715 | D:8      | Noticed a two-headed ogre
  9730 | D:8      | Killed a two-headed ogre
  9731 | D:8      | Reached skill level 6 in Fighting
 10180 | D:9      | Offered knowledge of Sticky Flame by Vehumet.
 10232 | D:8      | Learned a level 4 spell: Sticky Flame
 10410 | D:8      | Reached skill level 3 in Translocations
 10491 | D:9      | Reached skill level 7 in Fighting
 10948 | D:9      | Identified the +8 chain mail of the Secret Heavens {+Inv
                  | rN+ Int+8 Dex-4}
 10986 | D:9      | Noticed a two-headed ogre
 10991 | D:9      | Killed a two-headed ogre
 10992 | D:9      | Reached skill level 9 in Spellcasting
 10992 | D:9      | Reached XP level 11. HP: 64/67 MP: 20/24
 11109 | D:9      | Reached **** piety under Vehumet
 11464 | D:10     | Entered Level 10 of the Dungeon
 11762 | D:10     | Reached skill level 1 in Evocations
 11768 | D:10     | Offered knowledge of Irradiate by Vehumet.
 11769 | D:10     | Reached skill level 1 in Fire Magic
 11776 | D:10     | Learned a level 5 spell: Irradiate
 11904 | D:10     | Noticed a two-headed ogre
 11909 | D:10     | Killed a two-headed ogre
 11910 | D:10     | Reached skill level 1 in Alchemy
 11961 | D:10     | Noticed a centaur warrior
 11967 | D:10     | Noticed a centaur warrior
 11967 | D:10     | Noticed an ogre mage
 11972 | D:10     | Killed a centaur warrior
 11973 | D:10     | Reached skill level 3 in Evocations
 11977 | D:10     | Killed a centaur warrior
 11978 | D:10     | Reached skill level 3 in Fire Magic
 11983 | D:10     | Killed an ogre mage
 12124 | D:10     | Reached skill level 3 in Alchemy
 12333 | D:10     | Found a staircase to the Lair.
 13474 | D:11     | Found a portal to a secret trove of treasure.
 13478 | D:11     | Noticed Grum
 13486 | D:11     | Killed Grum
 13566 | D:11     | Noticed a boulder beetle
 13583 | D:11     | Killed a boulder beetle
 13752 | D:11     | Noticed a two-headed ogre
 13757 | D:11     | Killed a two-headed ogre
 13758 | D:11     | Reached XP level 12. HP: 55/72 MP: 15/26
 13910 | D:11     | Noticed a two-headed ogre
 14025 | D:11     | Killed a two-headed ogre
 14026 | D:11     | Reached skill level 9 in Conjurations
 14138 | D:11     | Noticed Fannar
 14257 | D:11     | Killed Fannar
 14352 | D:11     | Found a staircase to the Orcish Mines.
 14741 | D:12     | Reached ***** piety under Vehumet
 14741 | D:12     | Offered knowledge of Starburst by Vehumet.
 14742 | D:12     | Reached skill level 6 in Alchemy
 14970 | D:12     | Noticed a two-headed ogre
 14989 | D:12     | Killed a two-headed ogre
 15021 | D:12     | Noticed a two-headed ogre
 15030 | D:12     | Killed a two-headed ogre
 15056 | D:12     | Noticed a boulder beetle
 15065 | D:12     | Killed a boulder beetle
 15140 | D:12     | Noticed a centaur warrior
 15159 | D:12     | Noticed a six-headed hydra
 15159 | D:12     | Noticed a fire dragon
 15160 | D:12     | Noticed a centaur warrior
 15245 | D:12     | Noticed a seven-headed hydra
 15946 | D:12     | Learned a level 6 spell: Starburst
 16277 | D:13     | Noticed a two-headed ogre
 16282 | D:13     | Killed a two-headed ogre
 16283 | D:13     | Reached skill level 12 in Conjurations
 16389 | D:13     | Reached skill level 6 in Fire Magic
 16458 | D:13     | Reached XP level 13. HP: 76/76 MP: 18/27
 16569 | D:13     | Found Hemyumob's Weapon Shop.
 17482 | D:13     | Noticed a vault guard
 17483 | D:13     | Reached skill level 9 in Fire Magic
 17668 | Lair:1   | Entered Level 1 of the Lair of Beasts
 17685 | Lair:1   | Identified the +7 short sword "Ohuh Zyrgh" {protect, Dex+4}
 17870 | Lair:1   | Found a runed translucent door.
 17870 | Lair:1   | Noticed Bauqient's ghost (journeyman MfSu)
 17918 | Lair:1   | Noticed Maggie
 17927 | Lair:1   | Killed Maggie
 18386 | Lair:2   | Noticed Nergalle
 18390 | Lair:2   | Killed Nergalle
 18432 | Lair:2   | Found a hole to the Spider Nest.
 18817 | Lair:2   | Identified a scroll of acquirement
 18955 | Lair:2   | Found a staircase to the Shoals.
 19129 | Lair:2   | Noticed Urug
 19157 | Lair:2   | Killed Urug
 19864 | Lair:3   | Noticed Kirke
 19870 | Lair:3   | Killed Kirke
 19871 | Lair:3   | Reached skill level 15 in Conjurations
 19871 | Lair:3   | Gained mutation: Your large and strong wings let you fly.
                  | [Gargoyle growth]
 19871 | Lair:3   | Reached XP level 14. HP: 82/82 MP: 12/28
 21034 | Lair:4   | Offered knowledge of Iskenderun's Battlesphere by Vehumet.
 21057 | Lair:4   | Learned a level 5 spell: Iskenderun's Battlesphere
 21120 | Lair:4   | Found a viscous altar of Jiyva.
 21120 | Lair:4   | Found a staircase to the Slime Pits.
 21712 | Lair:5   | Entered Level 5 of the Lair of Beasts
 22153 | Lair:5   | Reached skill level 12 in Spellcasting
 22685 | Lair:5   | Found a burning altar of Makhleb.
 22693 | Lair:5   | Reached XP level 15. HP: 86/86 MP: 31/31
 22696 | Lair:5   | Offered knowledge of Plasma Beam by Vehumet.
 22960 | Lair:5   | Learned a level 6 spell: Plasma Beam
 22969 | Lair:5   | Learned a level 7 spell: Orb of Destruction
 22976 | Lair:5   | Found a gateway to Hell.
 23426 | Lair:5   | Found a blossoming altar of Fedhas.
 23957 | Orc:1    | Entered Level 1 of the Orcish Mines
 23961 | Orc:1    | Reached skill level 1 in Air Magic
 24221 | Orc:1    | Noticed an orc warlord
 24397 | Orc:1    | Killed an orc warlord
 24398 | Orc:1    | Reached skill level 3 in Air Magic
 24884 | Orc:1    | Found Hoexzul's Assorted Antiques.
 25131 | Orc:2    | Entered Level 2 of the Orcish Mines
 25138 | Orc:2    | Offered knowledge of Arcjolt by Vehumet.
 25146 | Orc:2    | Noticed Erolcha
 25151 | Orc:2    | Killed Erolcha
 25754 | Orc:2    | Found a staircase to the Elven Halls.
 25952 | Orc:2    | Found Pexacaoz's Assorted Antiques.
 25952 | Orc:2    | Found Kozo's Armour Emporium.
 25952 | Orc:2    | Found Qingufoa's Magic Scroll Shoppe.
 25955 | Orc:2    | Found Oqiant's Distillery.
 25962 | Orc:2    | Bought a scroll of acquirement for 780 gold pieces
 25962 | Orc:2    | Acquired 742 gold pieces
 25964 | Orc:2    | Acquired 721 gold pieces
 26154 | Orc:2    | Bought a scroll of fear for 108 gold pieces
 26154 | Orc:2    | Bought a phial of floods for 1080 gold pieces
 26154 | Orc:2    | Bought a scroll of fear for 108 gold pieces
 26261 | D:13     | Found a gate to the Vaults.
 26483 | D:14     | Found a snail-covered altar of Cheibriados.
 26556 | D:14     | Reached skill level 6 in Evocations
 26623 | D:14     | Reached skill level 6 in Air Magic
 26664 | D:14     | Offered knowledge of Conjure Ball Lightning by Vehumet.
 27379 | D:15     | Entered Level 15 of the Dungeon
 27782 | D:15     | Reached XP level 16. HP: 77/92 MP: 33/33
 27805 | D:15     | Found a staircase to the Depths.
 27995 | D:15     | Reached skill level 12 in Fire Magic
 28755 | Spider:1 | Entered Level 1 of the Spider Nest
 28759 | Spider:1 | Noticed Asterion
 28772 | Spider:1 | Reached ****** piety under Vehumet
 28778 | Spider:1 | Killed Asterion
 28853 | Spider:1 | Offered knowledge of Ozocubu's Refrigeration by Vehumet.
 28864 | Lair:2   | Learned a level 6 spell: Plasma Beam
 28914 | Spider:1 | Found a runed translucent door.
 28919 | Spider:1 | Noticed Rod Caur's ghost (adept HOFi)
 29829 | Spider:1 | Identified the +6 chain mail of the Maze {*Corrode rPois
                  | Will+ Dex+6}
 29829 | Spider:1 | Noticed Rupert
 29860 | Spider:1 | Killed Rupert
 31724 | Spider:2 | Offered knowledge of Bombard by Vehumet.
 31899 | Spider:2 | Reached XP level 17. HP: 75/96 MP: 24/34
 32457 | Spider:3 | Reached skill level 15 in Fire Magic
 34366 | Spider:4 | Entered Level 4 of the Spider Nest
 34797 | Spider:4 | Offered knowledge of Lehudib's Crystal Spear by Vehumet.
 34797 | Spider:4 | Offered knowledge of Shatter by Vehumet.
 34797 | Spider:4 | Offered knowledge of Maxwell's Capacitive Coupling by
                  | Vehumet.
 36662 | Spider:3 | Reached XP level 18. HP: 101/101 MP: 36/36
 36793 | Spider:4 | Reached skill level 12 in Earth Magic
 36953 | Spider:4 | Identified the +1 hat of Tofuh {^Contam rF+ Slay+2}
 36980 | Spider:4 | Identified the +0 pair of gloves "Boess" {Str+3 Int+3
                  | Dex+4}
 36985 | Spider:4 | Got a gossamer rune of Zot
 37226 | Shoals:1 | Entered Level 1 of the Shoals
 37226 | Shoals:1 | Identified the serpent talisman of the Blind Marksman
                  | {*Corrode rN+ Will+}
 37226 | Shoals:1 | Noticed Aizul
 37235 | Shoals:1 | Killed Aizul
 37489 | Shoals:1 | Noticed Donald
 37496 | Shoals:1 | Killed Donald
 37808 | Shoals:1 | Noticed Louise
 37825 | Shoals:1 | Killed Louise
 38709 | Shoals:2 | Noticed Jorgrun
 39214 | Elf:1    | Entered Level 1 of the Elven Halls
 39330 | Elf:1    | Reached skill level 15 in Earth Magic
 39595 | Elf:1    | Identified the staff of Generosity {rElec rF+ rN+ Int+3
                  | Stlth+ Necro}
 40410 | Elf:1    | Identified the staff "Derrodoq" {^Fragile rC+ Int+3 Summ
                  | Ice}
 40447 | Elf:1    | Found Buinugul's Armour Boutique.
 41395 | Elf:2    | Found Xura's Gadget Gallery.
 41445 | Elf:2    | Identified the ring of Poogg {Ice Dex+3}
 41839 | Elf:2    | Reached XP level 19. HP: 105/105 MP: 32/37
 42167 | Elf:2    | Reached skill level 18 in Earth Magic
 42296 | Elf:2    | Found Cunejof's Assorted Antiques.
 42514 | Elf:2    | Found a runed translucent gate.
 42514 | Elf:2    | Found a runed translucent gate.
 42514 | Elf:2    | Found a runed translucent gate.
 42553 | Elf:3    | Entered Level 3 of the Elven Halls
 42992 | Elf:3    | Found Weuduem's Armour Emporium.
 42993 | Elf:3    | Found a shimmering blue altar of Sif Muna.
 44775 | Elf:3    | Identified the +11 great mace "Xaoghickuph" {freeze, Str+3}
 44778 | Elf:3    | Noticed a Tzitzimitl
 45083 | Elf:3    | Identified the staff of the Final Decision {rElec rC+ MP-9
                  | Str+3 Ice}
 45524 | Elf:3    | Identified the ring "Kyipeoq" {rF- Will+ MP+9 Int+3 Stlth+}
 45536 | Elf:3    | Reached skill level 21 in Earth Magic
 45632 | Elf:3    | Identified the +2 leather armour of the Fife {^Drain
                  | Will+++ Int-4 Dex+4}
 46282 | Elf:3    | Identified the +9 sling of Luho {drain, ^Drain rPois Int+5}
 46320 | Elf:3    | Identified the +6 scale mail of Resonance {^Drain rElec
                  | Regen+ Int+4}
 46325 | Elf:3    | Got the Writings on Searing Erosion
 46630 | Vaults:1 | Entered Level 1 of the Vaults
 47106 | Vaults:1 | Reached XP level 20. HP: 95/111 MP: 34/38
 48677 | D:15     | Learned a level 9 spell: Shatter
 48687 | D:15     | Learned a level 8 spell: Ignition
 48880 | Shoals:2 | Killed Jorgrun
 49602 | Shoals:2 | Identified the +10 sling "Orb Guardian's Bane" {flame,
                  | ^Contam rC++ Dex+7}
 50560 | Shoals:2 | Reached skill level 24 in Earth Magic
 53203 | Shoals:3 | Reached skill level 18 in Fire Magic
 53210 | Shoals:3 | Noticed Ilsuiw
 53548 | Shoals:3 | Killed Ilsuiw
 53777 | Shoals:3 | Identified the +3 ring mail of Patience {rCorr SInv}
 54364 | Shoals:4 | Entered Level 4 of the Shoals
 54474 | Shoals:4 | Reached XP level 21. HP: 83/115 MP: 39/39
 55734 | Shoals:4 | Found a glowing silver altar of Zin.
 55760 | Shoals:4 | Found a white marble altar of Elyvilon.
 55817 | Shoals:4 | Found a glowing golden altar of the Shining One.
 55908 | Shoals:4 | Got a barnacled rune of Zot
 56716 | Vaults:1 | Found Guhulacu's Antique Weapon Shop.
 57490 | Vaults:1 | Found Cayrhiawke's Jewellery Shoppe.
 57503 | Vaults:1 | Bought a ring of see invisible for 255 gold pieces
 58796 | Vaults:2 | Found Kecedoj's General Store.
 59653 | Vaults:2 | Identified the amulet "Folijo" {Will+ Regen+ Slay+2}
 59875 | Vaults:3 | Reached skill level 8 in Fighting
 60082 | Vaults:3 | Found a staircase to the Crypt.
 60082 | Vaults:3 | Found an ancient bone altar of Kikubaaqudgha.
 60082 | Vaults:3 | Found a basalt altar of Yredelemnul.
 60434 | Vaults:3 | Reached skill level 9 in Fighting
 61363 | Vaults:3 | Learned a level 8 spell: Lehudib's Crystal Spear
 61454 | Vaults:4 | Reached skill level 10 in Fighting
 61454 | Vaults:4 | Reached XP level 22. HP: 83/127 MP: 40/40
 61462 | Vaults:4 | Reached skill level 3 in Dodging
 63034 | Depths:1 | Entered Level 1 of the Depths
 63036 | Depths:1 | Reached skill level 6 in Dodging
 63461 | Depths:1 | Found a one-way gateway to a ziggurat.
 63473 | Depths:1 | Found Ucuihul's Magic Scroll Boutique.
 63476 | Depths:1 | Found Fugism's Weapon Shop.
 63478 | Depths:1 | Found Tudia's Antique Weapon Boutique.
 63482 | Depths:1 | Bought a scroll of blinking for 105 gold pieces
 63482 | Depths:1 | Bought a scroll of blinking for 105 gold pieces
 63482 | Depths:1 | Bought a scroll of revelation for 105 gold pieces
 63482 | Depths:1 | Bought a scroll of revelation for 105 gold pieces
 63675 | Depths:1 | Reached skill level 9 in Dodging
 63786 | Depths:1 | Found an opulent altar of Gozag.
 64688 | Depths:2 | Reached skill level 11 in Fighting
 64850 | Depths:2 | Reached XP level 23. HP: 111/135 MP: 41/41
 64861 | Depths:2 | Reached skill level 12 in Fighting
 65332 | Depths:2 | Reached skill level 13 in Fighting
 65581 | Depths:2 | Found a one-way gate to the infinite horrors of the Abyss.
 65618 | Depths:2 | Found a one-way gate leading to the halls of Pandemonium.
 65806 | Depths:2 | Noticed a golden dragon
 65808 | Depths:2 | Killed a golden dragon
 66038 | Depths:2 | Found an iron altar of Okawaru.
 66087 | Depths:2 | Reached skill level 14 in Fighting
 66246 | Depths:3 | Reached skill level 15 in Fighting
 66721 | Depths:3 | Identified the +5 demon trident of the Desolation of Salt
                  | {flame, Dex+3}
 66791 | Depths:3 | Reached skill level 16 in Fighting
 66851 | Depths:3 | Identified the +5 eveningstar of the Pillar {heavy, Str+6
                  | Int+5 Stlth-}
 67625 | Depths:3 | You are sucked into a shaft and drop 1 floor!
 67625 | Depths:4 | Entered Level 4 of the Depths
 67626 | Depths:4 | Found a gate to the Realm of Zot.
 67636 | Depths:4 | Reached skill level 17 in Fighting
 67641 | Depths:4 | Noticed a golden dragon
 67649 | Depths:4 | Killed a golden dragon
 67705 | Depths:4 | Identified the +0 tower shield "Fauvuqenwo" {rElec Will+
                  | Str-3 Dex+4}
 67705 | Depths:4 | Noticed Mennas
 67725 | Depths:4 | Noticed Vv
 67729 | Depths:4 | Killed Vv
 67867 | Depths:4 | Identified the ring "Wonotau" {Ice Str-4 Int+3 Dex+3}
 67867 | Depths:4 | Noticed Josephina
 67867 | Depths:4 | Found a magical portal.
 67868 | Depths:4 | Killed Josephina
 67869 | Depths:4 | Reached XP level 24. HP: 157/157 MP: 41/41
 67904 | WizLab   | Entered Cigotuvi's Fleshworks
 67912 | WizLab   | Reached skill level 18 in Fighting
 68297 | WizLab   | Found the -2 hat of the Alchemist {rElec rPois rF+ rC+ rN+
                  | Will+ rMut rCorr}
 68742 | WizLab   | Reached skill level 19 in Fighting
 68886 | WizLab   | Identified the maw talisman "Cup Odea" {rF- rN+ Dex+3}
 68893 | WizLab   | Identified the serpent talisman of Beogh's Fury {Str+4
                  | Dex+9 Slay-3}
 69053 | Depths:4 | Noticed Parghit
 69058 | Depths:4 | Killed Parghit
 69234 | Depths:4 | Noticed a caustic shrike
 69235 | Depths:4 | Noticed a caustic shrike
 69235 | Depths:4 | Noticed a caustic shrike
 69238 | Depths:4 | Noticed a caustic shrike
 69240 | Depths:4 | Killed a caustic shrike
 69241 | Depths:4 | Killed a caustic shrike
 69241 | Depths:4 | Killed a caustic shrike
 69243 | Depths:4 | Killed a caustic shrike
 69244 | Depths:4 | Reached skill level 20 in Fighting
 70323 | Depths:4 | Killed Mennas
 71267 | D:3      | Noticed Natasha
 71269 | D:3      | Killed Natasha
 71280 | D:3      | Killed gelatine's ghost
 71582 | Lair:1   | Killed Bauqient's ghost
 72020 | Spider:1 | Killed Rod Caur's ghost
 72191 | Slime:1  | Entered Level 1 of the Pits of Slime
 72320 | Slime:1  | Reached skill level 15 in Spellcasting
 72973 | Slime:5  | Entered Level 5 of the Pits of Slime
 72990 | Slime:5  | Noticed the Royal Jelly
 72992 | Slime:5  | Killed the Royal Jelly
 73025 | Slime:5  | Reached XP level 25. HP: 162/169 MP: 33/43
 73322 | Slime:5  | Identified the ring of Foolhardiness {rC+ Str+3}
 73328 | Slime:5  | Identified the +8 dagger of Lynn {freeze, rElec rC+ Dex-2}
 73371 | Slime:5  | Got a slimy rune of Zot
 73372 | Slime:5  | Identified the +2 dagger of Actus Reus {pain, Fly rPois
                  | Int+3}
 73373 | Slime:5  | Identified the ring "Qurch" {rC+ AC+4 Int+4}
 73467 | Slime:5  | Identified the staff "Towec" {rF+ Dex+3 Necro Fire}
 73474 | Slime:5  | Identified the staff of Winter {*Corrode rElec rN+++ Int-4
                  | Stlth+ Air}
 73489 | Slime:5  | Identified the amulet "Xaineilu" {Regen+ Str+2}
 73809 | D:11     | You showed the slimy rune of Zot to enter a treasure trove
 73810 | Trove    | Entered a treasure trove
 73836 | Trove    | Got Sif Muna's Treatise on the Fifth Circle
 74052 | Zot:1    | Entered Level 1 of the Realm of Zot
 74301 | Orc:2    | Bought a potion of curing for 39 gold pieces
 74301 | Orc:2    | Bought a potion of heal wounds for 65 gold pieces
 74301 | Orc:2    | Bought a potion of curing for 39 gold pieces
 74301 | Orc:2    | Bought a potion of magic for 104 gold pieces
 74301 | Orc:2    | Bought a potion of heal wounds for 65 gold pieces
 74301 | Orc:2    | Bought 2 potions of curing for 78 gold pieces
 74353 | Orc:1    | Bought 2 potions of curing for 204 gold pieces
 74783 | Zot:1    | Noticed an orb of fire
 74790 | Zot:1    | Killed an orb of fire
 74791 | Zot:1    | Reached skill level 21 in Fighting
 76578 | Zot:2    | Reached skill level 22 in Fighting
 78884 | Zot:3    | Noticed a Killer Klown
 78888 | Zot:3    | Killed a Killer Klown
 79114 | Zot:3    | Reached skill level 23 in Fighting
 79348 | Zot:3    | Got the Precepts of Shifting Beguiling
 79863 | Zot:4    | Found a transporter.
 79978 | Zot:4    | Noticed stpyramids's ghost (legendary DDFi)
 79981 | Zot:4    | Acquired 573 gold pieces
 80051 | Zot:4    | Noticed a Killer Klown
 80055 | Zot:4    | Killed a Killer Klown
 80368 | Zot:4    | Identified the +6 trident of Sobieck's Anguish {vamp,
                  | Will++}
 80616 | Zot:4    | Noticed an orb of fire
 80643 | Zot:4    | Noticed an orb of fire
 80704 | Zot:4    | Killed an orb of fire
 80932 | Zot:4    | Found a transporter.
 80932 | Zot:4    | Noticed Juzit's ghost (legendary GnFi)
 81137 | Zot:4    | Reached skill level 24 in Fighting
 81502 | Zot:4    | Noticed Heisao's ghost (legendary TrBe)
 81614 | Zot:4    | Identified the +2 ring mail of the Sturgeon {Harm Rampage
                  | Slay+2}
 81700 | Zot:4    | Reached XP level 26. HP: 184/184 MP: 43/43
 81929 | Zot:5    | Entered Level 5 of the Realm of Zot
 83356 | Zot:5    | Noticed a Killer Klown
 83359 | Zot:5    | Killed a Killer Klown
 83360 | Zot:5    | Reached skill level 25 in Fighting
 83439 | Zot:5    | Noticed a Killer Klown
 83445 | Zot:5    | Killed a Killer Klown
 83534 | Zot:5    | Noticed an ancient lich
 83546 | Zot:5    | Killed an ancient lich
 83592 | Zot:5    | Noticed a Killer Klown
 83667 | Zot:5    | Noticed an ancient lich
 83668 | Zot:5    | Killed a Killer Klown
 83670 | Zot:5    | Killed an ancient lich
 83672 | Zot:5    | Noticed a Killer Klown
 83680 | Zot:5    | Killed a Killer Klown
 83806 | Zot:5    | Noticed an orb of fire
 83811 | Zot:5    | Killed an orb of fire
 84061 | Zot:5    | Reached skill level 26 in Fighting
 84068 | Zot:5    | Noticed an orb of fire
 84074 | Zot:5    | Killed an orb of fire
 84140 | Zot:5    | Noticed a Killer Klown
 84142 | Zot:5    | Killed a Killer Klown
 84394 | Zot:5    | Noticed a Killer Klown
 84553 | Zot:5    | Killed a Killer Klown
 84670 | Zot:5    | Noticed a Killer Klown
 84674 | Zot:5    | Killed a Killer Klown
 84738 | Zot:5    | Noticed an ancient lich
 84743 | Zot:5    | Noticed an orb of fire
 84754 | Zot:5    | Killed an orb of fire
 84756 | Zot:5    | Killed an ancient lich
 84757 | Zot:5    | Reached skill level 27 in Fighting
 85345 | Zot:5    | Got the Orb of Zot
 85362 | Zot:5    | Noticed Mawapuus the pandemonium lord
 85363 | Zot:5    | Gained mutation: You are vulnerable to cold. (rC-)
                  | [mutagenic glow]
 85371 | Zot:4    | Gained mutation: You are weak. (Str -2) [mutagenic glow]
 85508 | Depths:3 | Noticed Vymoyn the pandemonium lord
 85552 | D:15     | Noticed a seraph
 85724 | D:8      | Noticed Ikiozi the pandemonium lord
 85740 | D:6      | Noticed Vinnaborph the pandemonium lord
 85758 | D:5      | Noticed Eniupy the pandemonium lord
 85883 | D:$      | Escaped with the Orb!

Illustrated notes

Levels and vault maps discovered:
D:1:      shiori_arrival_elements, layout_loops_ring,
          dreamdust_ecumenical_altar_sealed_demon
D:2:      layout_rooms, amethyst_killhole
D:3:      kennysheep_goblin_castle, layout_loops_ring,
          nicolae_ru_the_path_less_chosen, gammafunk_ghost_nasty_kobolds,
          serial_shops, nicolae_shop_rolled_up, corner_web_ring
D:4:      layout_loops_ring, minmay_temple_entry_from_below_a, enter_ossuary_3,
          minmay_misc_feat_hallway, minivault_4, kennysheep_cluttered_room,
          uniq_natasha, uniq_blork_the_orc
D:5:      lemuel_insect_pit, layout_layer_cave, nicolae_overflow_crystal_walls
D:6:      layout_basic, nicolae_uskayaw_en_pointe,
          grunt_temple_overflow_forces_of_nature, grunt_ministairs_10
D:7:      lemuel_ratsnest, layout_gridville, grunt_temple_overflow_open
D:8:      layout_basic, nrook_pool_corridor, nicolae_figureground_sparkle
D:9:      layout_loops_ring, grunt_ministairs_13, abandoned_shop
D:10:     kennysheep_big_flooded_room, layout_layer_cave, erik_lair_island
D:11:     layout_roguey, orc_0_dummy, nicolae_trove_entry_crossroad,
          uniq_fannar, uniq_grum
D:12:     layout_grid_maze, minivault_12
D:13:     layout_cave_pools, david_vaults_5, serial_shops,
          nicolae_shop_mannequins, serial_glass, glass_columns_c,
          glass_columns_a
D:14:     layout_cave_pools, cheibriados_altar_1
D:15:     gammafunk_depths_entry_grave, layout_gridville, minmay_hedge_maze
Temple:   nicolae_temple_great_sept
Lair:1:   layout_hall_layers, gammafunk_ghost_grave, uniq_maggie
Lair:2:   layout_roguey, minmay_shoals_entry_hut,
          hellmonk_spider_entry_life_and_decay, uniq_nergalle, uniq_urug
Lair:3:   layout_gridlike, grunt_megastairs_3, uniq_kirke
Lair:4:   layout_big_grid, minmay_slime_entry_oklob_open
Lair:5:   evil_forest, layout_regular_city, tgw_fedhas
Shoals:1: layout_shoals, nicolae_shoals_hidden_pirate_stash, uniq_donald,
          uniq_aizul, uniq_louise
Shoals:2: layout_shoals, nicolae_shoals_wave_tunnel, uniq_jorgrun
Shoals:3: layout_shoals, nicolae_shoals_lost_giant_pillars,
          nicolae_shoals_water_shrine, uniq_ilsuiw
Shoals:4: shoals_end_hellmonk_holy_island
Spider:1: layout_spider_delve, ebering_ghost_reflecting_pool, drop_trap,
          nicolae_spider_moth_buddies, uniq_rupert, uniq_asterion
Spider:2: layout_spider_delve
Spider:3: layout_spider_delve, nicolae_spider_bug_shape
Spider:4: grunt_spider_rune_circles, nicolae_spider_scorpion_nest
Slime:1:  layout_caves
Slime:2:  nicolae_slime_jelly_donut, layout_caves
Slime:3:  layout_caves
Slime:4:  layout_caves, nicolae_slime_welcoming_committee
Slime:5:  slime_pit_nicolae_trefoil, uniq_dissolution
Orc:1:    layout_caves, serial_shops, nicolae_shop_rolling_square, basic_altar,
          nicolae_orc_tapped_out
Orc:2:    st_orc_rangers, layout_diamond_mine, basic_altar, uniq_erolcha
Elf:1:    minmay_elf_arrival_summoners, layout_loops_cross,
          portal_ice_cave_entry_ice_statue_two, serial_shops,
          nicolae_take_the_stairs, minmay_elf_crystal_heptagon
Elf:2:    elven_hall_of_blades_hangedman_original [nooodl_blade_entry_preview],
          layout_geoelf_diagonals, serial_shops,
          nicolae_shop_just_a_little_nook, nicolae_shop_gadgets, uniq_agnes
Elf:3:    minmay_elf_hall_four_x, layout_geoelf_castle, basic_altar,
          serial_shops, nicolae_shop_temple_entry_statues_fountains
Vaults:1: nicolae_vaults_little_squares_2, vaults_mumra_hex, vaults_room_grid,
          v_misc_1, ontoclasm_vaults_spin, v_misc_26, v_misc_26,
          grunt_vaults_hallway_long, nicolae_vaults_tetromino_Z_1,
          ontoclasm_vaults_shuriken, nicolae_vaults_house_1,
          hangedman_vaults_nails, nicolae_vaults_house_2,
          layout_vaults_big_cross, serial_shops, nicolae_shop_gaudy_bauble, shop
Vaults:2: nicolae_vaults_shrinking_rooms_2, nicolae_vaults_door_testing_chamber,
          nicolae_vaults_layer_cake_slice, v_alt_pattern_3, vaults_dpeg_hooks,
          vaults_dpeg_encased_lava, nicolae_vaults_heist,
          ontoclasm_vaults_gateway, nicolae_vaults_surprise_closet,
          hangedman_vaults_cutoff, nicolae_vaults_little_guard_posts,
          vaults_dpeg_ring, layout_vaults_chaotic_city, serial_shops, shop
Vaults:3: gargoyle_guard, nicolae_vaults_apartment_2, grunt_vaults_focal,
          nicolae_vaults_mini_display_case, serial_ice_m,
          minmay_crypt_entry_necro_gods, nicolae_vaults_trapezoid_layered,
          nicolae_vaults_alarming, hangedman_vaults_locks, vaults_dpeg_diagonal,
          v_alt_pattern_4, nicolae_vaults_little_squares_5,
          layout_vaults_omnigrid
Vaults:4: vaults_mumra_chevron_long, nicolae_vaults_rhombus_7,
          nicolae_vaults_tetromino_L_1, nicolae_vaults_doubleplus_tesselated,
          hangedman_vaults_nails, nicolae_vaults_twisting_passages,
          hangedman_vaults_variations, nicolae_vaults_little_squares_3,
          ontoclasm_vaults_ring_square, nicolae_vaults_shipping_containers_3,
          nicolae_vaults_hallways_thing, v_misc_10,
          nicolae_vaults_circle_grid_b, grunt_vaults_twisty,
          nicolae_vaults_offset_grid_hallway_3, ontoclasm_vaults_twist,
          layout_vaults_maze_bifur
Depths:1: layout_gridlike, enter_ziggurat_d, grunt_gozag_breadcrumbs,
          hell_entry, hex_large, wad_dig_loot, minmay_shop_star
Depths:2: kennysheep_snake, layout_cave_pools, pf_hell_entry_tar_spiral,
          minmay_room_of_horrors, okawaru_ov_weapons_minmay,
          grunt_pan_entry_in_and_out
Depths:3: minmay_roctagon, layout_cave_shapes, hellmouth_3,
          abyss_entry_glasseish, serial_rivers, chequers_serial_rivers_micro_a,
          chequers_serial_rivers_room_b, chequers_serial_rivers_room_b,
          chequers_serial_rivers_micro_b, chequers_serial_rivers_room_b,
          chequers_serial_rivers_room_a, minmay_staircase_windowed_large
Depths:4: evilmike_zot_entry_basic, layout_honeycomb, nicolae_wwwww, hell_entry,
          mu_enter_wizlab_6, uniq_parghit, uniq_vv, uniq_mennas, uniq_josephina
Zot:1:    layout_basic
Zot:2:    layout_basic, regret_index_zotdec_obsidian_hm,
          regret_index_zotdec_carving_tricks
Zot:3:    layout_basic, hangedman_zot_decor_slant, st_stairs_1,
          regret_index_zotdec_tunneler
Zot:4:    layout_gridlike, nzn_ghost_randoct, st_stairs_8,
          hellmonk_greenhouse_of_terror
Zot:5:    layout_gridlike, hangedman_zot_decor_scrapings, grunt_ministairs_9,
          skrybe_zot_glass_2

Skill      XL: |  1  2  3  4  5  6  7  8  9 10 11 12 13 14 15 16 17 18 19 20 21 22 23 24 25 26 |
---------------+-------------------------------------------------------------------------------+-----
Earth Magic    | 4 5 6 7 8 9 10 11 17 21 24 26 | 26.0
Conjurations   | 2 3 4 5 7 8 12 15 16 17 | 17.0
Spellcasting   | 3 4 6 7 9 10 12 13 14 16 | 16.9
Fighting       | 3 5 7 10 11 17 20 24 27 | 27.0
Translocations | 4 |  4.0
Evocations     | 5 6 |  6.0
Fire Magic     | 5 6 9 11 14 17 18 19 | 19.0
Alchemy        | 4 6 |  6.0
Air Magic      | 6 8 |  8.0
Dodging        | 2 10 | 10.0
Stealth        | |  2.1

Action                     |  1- 3 |  4- 6 |  7- 9 | 10-12 | 13-15 | 16-18 | 19-21 | 22-24 | 25-27 || total
---------------------------+-------+-------+-------+-------+-------+-------+-------+-------+-------++-------
  Melee: Unarmed           |    17 |       |       |       |       |       |       |       |       ||    17
         Staff             |       |       |       |       |     3 |     3 |     6 |       |     5 ||    17
   Fire: Sling             |    19 |    70 |   109 |    49 |    18 |       |       |       |       ||   265
  Throw: Dart              |       |       |       |     3 |     2 |       |       |       |       ||     5
         Throwing net      |       |       |       |     1 |       |       |       |       |       ||     1
   Cast: Sandblast         |    34 |   113 |   231 |   191 |   150 |       |       |       |       ||   719
         Stone Arrow       |       |       |     5 |    56 |    59 |       |       |       |       ||   120
         Iskenderun's Myst |       |       |       |    59 |    93 |   117 |    34 |     1 |       ||   304
         Brom's Barrelling |       |       |       |    11 |       |       |       |       |       ||    11
         Sticky Flame      |       |       |       |     6 |     3 |     1 |     2 |       |     1 ||    13
         Irradiate         |       |       |       |     4 |    19 |    21 |    21 |    12 |     4 ||    81
         Starburst         |       |       |       |       |   165 |    49 |       |       |       ||   214
         Iskenderun's Batt |       |       |       |       |    41 |    63 |     1 |       |       ||   105
         Orb of Destructio |       |       |       |       |    26 |    34 |    44 |    26 |    65 ||   195
         Plasma Beam       |       |       |       |       |       |   396 |   229 |       |       ||   625
         Shatter           |       |       |       |       |       |       |   187 |   246 |   180 ||   613
         Ignition          |       |       |       |       |       |       |    22 |    72 |    15 ||   109
         Lehudib's Crystal |       |       |       |       |       |       |       |   130 |   122 ||   252
  Evoke: Box of beasts     |       |       |       |     1 |       |     1 |       |       |     1 ||     3
         Wand              |       |       |       |     1 |       |       |     2 |       |       ||     3
         Phial of floods   |       |       |       |       |       |       |       |     1 |       ||     1
         Lightning rod     |       |       |       |       |       |       |       |       |     2 ||     2
    Use: Scroll            |       |     8 |    16 |     2 |    13 |     4 |     6 |     5 |    11 ||    65
         Potion            |       |     1 |       |     3 |     5 |     4 |       |     9 |     6 ||    28
 Armour: Robe              |    40 |    75 |    68 |    81 |       |       |   137 |   191 |   155 ||   747
         Troll leather arm |       |       |       |    69 |   224 |   277 |    76 |       |       ||   646
  Dodge: Dodged            |    48 |    59 |    40 |    91 |   109 |    79 |    79 |    92 |    77 ||   674
  Block: Other             |       |       |       |       |       |       |    13 |       |       ||    13
         Reflection        |       |       |       |       |       |       |     6 |       |       ||     6
